AoeStats
← tavoo

Pilgrims

509422307Analyzed
2v2 RM · 6d ago on Sep 26, 2026· 42m 56s· 4 players
Game mode
Random Map
Map size
Medium (4 player)
Population
200
Speed
Normal
Resources
Standard
Victory
Conquest
Starting age
Dark Age
Ending age
Imperial Age
RankedLock teamsTeams togetherTeam positionsShared explorationLock speedFull tech treeHidden civsTurbo modeCheats
Victory
Defeat
🇫🇷 Cumans · France
1232
+16
🇲🇽 Armenians · Mexico
1132
+20
🇷🇺 Varangians · Russia
1227
-18
🇷🇺 Inca · Russia
1227
-18
Vl
3:01 Loom
13:36 Feudal Age
14:20 Double-Bit Axe
14:31 Arson
14:14 Champi Runner
21:02 Castle Age
19:59 Fletching
20:25 Forging
21:40 Town Watch
22:31 Wheelbarrow
22:07 Bodkin Arrow
22:48 Iron Casting
22:47 Medium Warships
23:33 Crossbowman
24:18 Thumb Ring
26:24 Demolition Ship
28:09 Town Patrol
29:49 Bow Saw
33:25 Imperial Age
34:09 Capped Ram
36:10 Bracer
36:13 Scale Mail Armor
37:43 Padded Archer Armor
37:59 Chain Mail Armor
39:48 Arbalester
41:59 Chemistry
41:34 Ballistics
42:54 Leather Archer Armor
43:59 Chemistry
jileh9
5:27 Loom
9:14 Feudal Age
11:51 Double-Bit Axe
13:28 Town Watch
18:10 Fishing Lines
20:42 Castle Age
20:23 Forging
20:04 Fletching
21:37 Medium Warships
31:17 Gillnets
39:11 Imperial Age
37:05 Scale Barding Armor
38:27 Wheelbarrow
38:39 Bodkin Arrow
38:44 Padded Archer Armor
40:11 Chain Barding Armor
40:27 Iron Casting
39:16 Cavalier
39:56 Husbandry
40:07 Bloodlines
40:06 Arson
tavoo
8:41 Loom
11:15 Feudal Age
12:16 Double-Bit Axe
19:02 Castle Age
17:03 Fletching
17:21 Stone Mining
19:38 Forging
19:24 Town Watch
19:54 Medium Warships
20:18 Bodkin Arrow
22:25 Padded Archer Armor
31:42 Imperial Age
29:13 Gold Mining
32:18 Bow Saw
33:15 Leather Archer Armor
34:10 Conscription
39:08 Ballistics
43:25 Bracer
Baruchiev
9:11 Loom
11:42 Feudal Age
12:34 Double-Bit Axe
14:28 Town Watch
16:03 Horse Collar
17:50 Wheelbarrow
20:38 Castle Age
19:39 Scale Barding Armor
20:11 Bloodlines
20:10 Gold Mining
23:17 Chain Barding Armor
25:46 Forging
28:28 Bow Saw
29:22 Heavy Plow
32:18 Imperial Age
30:06 Padded Archer Armor
30:46 Ballistics
30:59 Thumb Ring
31:06 Fletching
32:33 Bodkin Arrow
32:54 Leather Archer Armor
32:46 Steppe Husbandry
32:17 Light Cavalry
34:31 Parthian Tactics
38:23 Ring Archer Armor
42:46 Chemistry
Connection lost

Rejoining the realm…

Still unreachable

The connection could not be restored.

Session expired

The server has moved on; the page needs a fresh start.